Map: Kairos Junction LE

Players

TYTY (TY) - Winner!

  • Race: Terran Terran
  • League: Master
  • Spawn Location: 11:00

llllllllllll (Stats)

  • Race: Protoss Protoss
  • League: Grandmaster
  • Spawn Location: 5:00

Event: HomeStory Cup XIX

VOD

Have the link to the VOD?

Description

Time

  • Played on: June 30, 2019, 7:21 a.m.
  • Length: 9:26

All games in this series

Show
View Real Time Build Order
Export as new Build Order

TYTY Terran - Winner!

Build Orders:  

Get SALT Encoding   

  12  0:00  SCV  
  13  0:12  SCV  
  14  0:16  Supply Depot  
  14  0:24  SCV  
  15  0:38  Barracks, SCV  
  16  0:43  Refinery  
  16  0:50  SCV  
  17  1:02  SCV  
  18  1:14  SCV  
  19  1:25  Marine  
  20  1:27  Orbital Command  
  20  1:41  Command Center  
  20  1:53  Factory  
  20  1:56  SCV  
  21  2:05  Supply Depot  
  21  2:06  Barracks Tech Lab  
  21  2:10  SCV  
  22  2:16  Refinery  
  22  2:22  SCV  
  23  2:27  Marauder  
  25  2:34  SCV  
  28  2:37  Hellion  
  26  2:46  SCV  
  28  3:00  SCV  
  27  3:06  Orbital Command  
  27  3:10  Cyclone  
  27  3:12  Barracks Reactor, SCV  
  29  3:20  Starport  
  29  3:24  SCV  
  30  3:33  SCV  
  31  3:36  Barracks, SCV  
  32  3:42  Cyclone  
  32  3:45  SCV  
  37  3:48  SCV  
  37  3:49  Marine x2  
  37  3:53  Supply Depot  
  39  3:57  Starport Tech Lab, SCV  
  40  4:04  SCV  
  40  4:07  Marine x2  
  44  4:10  SCV  
  44  4:13  Supply Depot  
  44  4:14  Raven  
  44  4:16  SCV  
  47  4:25  Marine x2, SCV  
  47  4:26  Barracks  
  50  4:32  SCV  
  50  4:34  Marine, Stimpack, Refinery  
  50  4:37  SCV  
  53  4:38  Factory Reactor  
  53  4:43  Marine, Supply Depot  
  53  4:44  SCV  
  55  4:50  SCV  
  55  4:52  Marine  
  45  4:56  SCV  
  42  5:02  SCV  
  42  5:03  Marine  
  42  5:06  Marauder  
  45  5:08  SCV  
  45  5:10  Marine  
  47  5:17  SCV  
  47  5:18  Starport Reactor  
  47  5:20  Siege Tank, Marine x2, SCV  
  54  5:23  Marine  
  55  5:29  Marauder, SCV  
  55  5:35  SCV  
  59  5:37  Marine  
  59  5:40  Marine x2  
  59  5:42  SCV  
  63  5:44  Supply Depot  
  61  5:54  Siege Tank  
  61  5:57  Marine x2  
  64  5:58  Marauder  
  64  5:59  Liberator x2  
  70  6:12  Marine x2  
  70  6:17  Marine x2  
  78  6:19  Supply Depot  
  78  6:22  Marauder  
  78  6:24  SCV  
  78  6:25  SCV  
  80  6:34  Siege Tank  
  80  6:37  SCV x2  
  83  6:50  Marine, Supply Depot  
  83  6:52  Marine  
  85  6:54  Combat Shield  
  85  7:00  Marine  
  86  7:03  Marine x2, Medivac  
  90  7:08  Medivac  
  90  7:12  SCV x2  
  94  7:20  Marine x3  
  94  7:21  Marine  
  98  7:23  Supply Depot  
  101  7:30  Marauder  
  101  7:33  Supply Depot  
  100  7:40  Siege Tank  
  102  7:47  Viking x2  
  106  7:58  Marine x2  
  96  7:59  Marauder  
  96  8:00  SCV x2  
  96  8:07  Marine x2  
  96  8:09  Engineering Bay  
  96  8:12  SCV x2  
  100  8:19  Viking  
  87  8:20  Marauder  
  87  8:27  Marine x4  
  91  8:32  Siege Tank  
  96  8:42  Viking  
  96  8:45  Marine x2  
  96  8:46  Marine x2  
  102  8:49  Viking  
  102  9:00  Supply Depot  
  102  9:01  Marauder  
Show
View Real Time Build Order
Export as new Build Order

llllllllllll Protoss 

Build Orders: 1 Gate Expand, Colossus Rush 

Get SALT Encoding   

  12  0:08  Pylon  
  12  0:12  Probe  
  13  0:27  Probe, Gateway  
  13  0:35  Probe  
  14  0:41  Assimilator  
  15  0:45  Probe  
  16  0:57  Probe  
  17  1:09  Probe  
  18  1:14  Cybernetics Core  
  18  1:21  Probe  
  19  1:32  Nexus  
  19  1:36  Probe  
  20  1:41  Adept  
  20  1:43  Pylon  
  20  1:48  Probe  
  23  1:56  Assimilator  
  23  2:01  Probe  
  23  2:02  Adept, Warp Gate  
  24  2:13  Probe  
  27  2:25  Probe  
  28  2:32  Adept  
  30  2:38  Probe  
  30  2:41  Probe  
  31  2:46  Twilight Council  
  31  2:49  Probe  
  31  2:50  Probe  
  33  2:57  Resonating Glaives  
  34  2:59  Gateway  
  34  3:00  Probe  
  34  3:03  Probe  
  36  3:12  Gateway  
  36  3:14  Probe  
  36  3:15  Probe  
  38  3:26  Probe  
  40  3:27  Probe  
  40  3:30  Robotics Facility  
  40  3:32  Pylon  
  40  3:38  Probe  
  40  3:39  Probe  
  42  3:50  Probe  
  42  3:51  Probe  
  42  3:53  Assimilator, Adept x2  
  48  4:02  Probe  
  49  4:03  Probe  
  49  4:06  Adept  
  49  4:08  Pylon  
  52  4:11  Pylon  
  52  4:13  Forge  
  52  4:15  Probe x2  
  54  4:26  Observer, Adept x2  
  54  4:27  Adept  
  54  4:29  Probe  
  54  4:30  Probe  
  63  4:33  Assimilator  
  63  4:41  Warp Prism  
  63  4:43  Robotics Bay, Pylon  
  51  5:01  Probe x2  
  53  5:07  Adept  
  53  5:08  Adept, Protoss Ground Weapons Level 1  
  53  5:14  Immortal, Pylon  
  61  5:28  Nexus  
  61  5:32  Sentry  
  62  5:41  Probe x2  
  62  5:42  Colossus  
  64  5:43  Extended Thermal Lance  
  70  6:09  Sentry  
  70  6:10  Charge, Sentry, Zealot  
  76  6:15  Gateway x2  
  76  6:18  Gateway  
  76  6:20  Pylon  
  76  6:23  Pylon  
  76  6:24  Colossus  
  76  6:33  Probe x2  
  84  6:46  Probe x2  
  84  6:47  Probe  
  77  6:50  Stalker x3  
  83  6:58  Probe  
  83  6:59  Probe x2  
  83  7:00  Pylon  
  83  7:01  Colossus  
  86  7:11  Probe x3  
  89  7:17  Protoss Ground Armor Level 1  
  89  7:20  Stalker x2  
  89  7:21  Zealot x2  
  89  7:22  Zealot  
  105  7:27  Zealot  
  107  7:46  Zealot x5  
  107  7:47  Pylon  
  107  7:50  Pylon  
  113  7:52  Colossus, Pylon  
  93  8:02  Zealot  
  83  8:06  Zealot x4  
  83  8:07  Zealot  
  81  8:23  Stalker, Gateway x2  
  81  8:25  Stalker  
  85  8:27  Stalker  
  85  8:28  Stalker  
  85  8:30  Stalker  
  91  8:39  Pylon  
  89  8:43  Stalker  
  97  8:49  Stalker  
  97  8:55  Stalker x3  
  99  9:00  Zealot  
  103  9:09  Stalker  
  97  9:13  Zealot  
Tags
 
Add a new tag
Caveats
  • Supply blocks, unpowered buildings, or Contaminate may cause inaccurate times.
  • Supply counts are checked every 10 seconds.